 Dungeon Crawl Stone Soup version 0.31-a0-1042-ga9834b393d (webtiles) character file.

Game seed: 10929245636055767695

2097995 Arzdou the Annihilator (level 27, 184/184 HPs)
             Began as a Deep Elf Air Elementalist on Nov 19, 2023.
             Was the Champion of Vehumet.
             Escaped with the Orb
             ... and 4 runes on Nov 20, 2023!
             The game lasted 04:11:08 (86477 turns).

Arzdou the Annihilator (Deep Elf Air Elementalist) Turns: 86477, Time: 04:11:09

Health: 184/184    AC: 12    Str:  8    XL:     27
Magic:  42/46      EV: 21    Int: 40    God:    Vehumet [******]
Gold:   4748       SH:  0    Dex: 17    Spells: 10/60 levels left

rFire   + + +        a - staff of the Grave {rN+ Conj}
rCold   + + .        m - crystal ball of Wucad Mu {*channel}
rNeg    + + .        J - +2 robe {rC+ rF+}
rPois   +            K - +1 helmet "Quhigiekk" {Rampage rN+ Will+}
rElec   +            x - scarf {rC+ rF+}
rCorr   .            u - +2 pair of gloves {Dex+3}
SInv    +            L - +0 pair of boots of Quicies {Int+7}
Will    ++++.        y - amulet "Sastrapra" {RegenMP Rampage rPois rF+ Int-4}
Stlth   +            I - ring "Peumpysch" {rElec Will+}
HPRegen 1.30/turn    o - ring of the Original Sin {Wiz Str+2}
MPRegen 0.70/turn

%: rampage, wizardry (x1), channel magic (40%)
@: studying 2 skills
A: see invisible, clever 1, regeneration 1, wild magic 1
0: Orb of Zot
}: 4/15 runes: decaying, serpentine, slimy, silver
a: Renounce Religion


You escaped.
You worshipped Vehumet.
Vehumet was exalted by your worship.
You visited 13 branches of the dungeon, and saw 57 of its levels.
You visited 1 bazaar.
You also visited: Gauntlet, Ice Cave and Volcano.

You collected 10018 gold pieces.
You spent 5270 gold pieces at shops.

Inventory:

Missiles
 E - 3 throwing nets
 N - 6 curare-tipped darts
Armour
 m - the crystal ball of Wucad Mu (worn) {*channel}
   (You bought it in a shop on level 8 of the Dungeon)

   *Channel:  It often returns the magic spent to cast spells, but lowers their
   success rate.
   It always returns the magic spent on miscasts.
 u - a +2 pair of gloves of dexterity (worn)
 x - a scarf of resistance (worn)
 J - a +2 robe of resistance (worn)
 K - the +1 helmet "Quhigiekk" (worn) {Rampage rN+ Will+}
   (You found it on level 5 of the Vaults)

   rN+:       It protects you from negative energy.
   Will+:     It increases your willpower.
   Rampage:   It bestows one free step when moving towards enemies.
 L - the +0 pair of boots of Quicies (worn) {Int+7}
   (You found it on level 5 of the Pits of Slime)

   Int+7:     It affects your intelligence (+7).
 W - quicksilver dragon scales
Magical Staves
 a - the staff of the Grave (weapon) {rN+ Conj}
   (You found it on level 5 of the Vaults)

   [staff of conjuration]

   Base accuracy: +5 Base damage: 5 Base attack delay: 1.2 This weapon's minimum
   attack delay (0.6) is reached at skill level 12.
   rN+:       It protects you from negative energy.
   Conj:      It increases the power of your Conjurations spells.
   It falls into the 'Staves' category.
   It is a one-handed weapon.
 T - the staff of the Present {rF+ rC+ rN+ Str+3 Stlth+ Fire}
   (You found it on level 15 of the Dungeon)

   [staff of fire]

   Base accuracy: +5 Base damage: 5 Base attack delay: 1.2 This weapon's minimum
   attack delay (0.6) is reached at skill level 12.
   Str+3:     It affects your strength (+3).
   rF+:       It protects you from fire.
   rC+:       It protects you from cold.
   rN+:       It protects you from negative energy.
   Stlth+:    It makes you more stealthy.
   Fire:      It increases the power of your Fire spells.
   It falls into the 'Staves' category.
   It is a one-handed weapon.
Jewellery
 h - a ring of positive energy
 o - the ring of the Original Sin (right hand) {Wiz Str+2}
   (You found it in a Gauntlet)

   [ring of wizardry]

   Wiz:       It improves your spell success rate.
   Str+2:     It affects your strength (+2).
 y - the amulet "Sastrapra" (around neck) {RegenMP Rampage rPois rF+ Int-4}
   (You found it on level 5 of the Pits of Slime)

   [amulet of magic regeneration]

   RegenMP:   It increases your rate of magic regeneration.
   Int-4:     It affects your intelligence (-4).
   rF+:       It protects you from fire.
   rPois:     It protects you from poison Rampage: It bestows one free step when
   moving towards enemies.
 I - the ring "Peumpysch" (left hand) {rElec Will+}
   (You found it in a Gauntlet)

   [ring of willpower]

   rElec:     It insulates you from electricity.
   Will+:     It increases your willpower.
Talismans
 r - a granite talisman
Wands
 n - a wand of iceblast (54)
 C - a wand of light (46)
 P - a wand of digging (18)
 Z - a wand of charming (46)
Scrolls
 c - 7 scrolls of fog
 f - 19 scrolls of teleportation
 g - 9 scrolls of fear
 i - 11 scrolls of poison
 q - 12 scrolls of blinking
 z - a scroll of brand weapon
 A - a scroll of revelation
 D - a scroll of silence
 F - 2 scrolls of butterflies
 R - 3 scrolls of enchant weapon
 U - 3 scrolls of amnesia
 V - 3 scrolls of immolation
Potions
 b - 9 potions of magic
 d - 25 potions of curing
 e - 3 potions of berserk rage
 l - 9 potions of cancellation
 p - 13 potions of haste
 s - 3 potions of ambrosia
 t - 2 potions of heal wounds
 v - 10 potions of mutation
 w - 7 potions of brilliance
 G - 8 potions of enlightenment
 M - 5 potions of resistance
 Q - 7 potions of invisibility
 S - 8 potions of might
Miscellaneous
 O - a tin of tremorstones (2/2)
 X - a lightning rod (4/4)
 Y - a phantom mirror


   Skills:
 + Level 22.3 Fighting
 - Level 9.0 Armour
 - Level 15.6 Dodging
 - Level 3.0 Stealth
 - Level 17.3 Spellcasting
 O Level 27 Conjurations
 + Level 4.5 Translocations
 - Level 20.0 Fire Magic
 - Level 17.1 Ice Magic
 - Level 21.8 Air Magic
 + Level 11.1 Evocations


You had 10 spell levels left.
You knew the following spells:

 Your Spells              Type           Power      Damage    Failure   Level
a - Blink                 Tloc           100%       N/A       1%          2
c - Chain Lightning       Conj/Air       82%        3d110     2%          9
e - Ozocubu's Refrigerat  Ice            61%        4d21      1%          7
f - Fire Storm            Conj/Fire      81%        8d21      2%          9
g - Orb of Destruction    Conj           85%        9d19      1%          7
h - Maxwell's Capacitive  Air            67%        ∞         1%          8
I - Ignition              Fire           64%        3d17      1%          8

Your spell library contained the following spells:

 Spells                   Type           Power      Damage    Failure   Level
 Polar Vortex             Ice            61%        12d8*     17%         9
 Apportation              Tloc           100%       N/A       1%          1
 Foxfire                  Conj/Fire      100%       2x1d9     1%          1
 Freeze                   Ice            100%       1d10      1%          1
 Magic Dart               Conj           100%       1d8       1%          1
 Sandblast                Erth           90%        2d19      1%          1
 Shock                    Conj/Air       100%       1d9       1%          1
 Cigotuvi's Dreadful Rot  Necr/Pois/Air  100%       N/A       1%          2
 Poisonous Vapours        Pois/Air       100%       N/A       1%          2
 Searing Ray              Conj           100%       2d8       1%          2
 Static Discharge         Conj/Air       100%       3-8/arc   1%          2
 Dazzling Flash           Conj/Hex       100%       N/A       1%          3
 Frozen Ramparts          Ice            100%       1d16      1%          3
 Hailstorm                Conj/Ice       100%       3d20      1%          3
 Inner Flame              Hex/Fire       99%        N/A       1%          3
 Mephitic Cloud           Conj/Pois/Air  100%       N/A       1%          3
 Ozocubu's Armour         Ice            100%       N/A       1%          3
 Stone Arrow              Conj/Erth      100%       3d13      1%          3
 Swiftness                Air            100%       N/A       1%          3
 Volatile Blastmotes      Fire/Tloc      100%       2d18      1%          3
 Airstrike                Air            67%        2d(10-26) 1%          4
 Brom's Barrelling Bould  Conj/Erth      100%       2d11      1%          4
 Flame Wave               Conj/Fire      100%       2d21      1%          4
 Fulminant Prism          Conj/Hex       67%        3d28      1%          4
 Iskenderun's Mystic Bla  Conj/Tloc      100%       2d19      1%          4
 Sticky Flame             Conj/Fire      100%       2d11      1%          4
 Summon Ice Beast         Ice/Summ       93%        N/A       1%          4
 Summon Lightning Spire   Summ/Air       100%       N/A       1%          4
 Vhi's Electric Charge    Tloc/Air       100%       N/A       1%          4
 Arcjolt                  Conj/Air       82%        1d92      1%          5
 Fireball                 Conj/Fire      81%        3d30      1%          5
 Irradiate                Conj/Tmut      67%        3d34      1%          5
 Silence                  Hex/Air        51%        N/A       1%          5
 Conjure Ball Lightning   Conj/Air       82%        3x3d31    1%          6
 Plasma Beam              Fire/Air       66%        2x1d82    1%          6
 Starburst                Conj/Fire      81%        6d21      1%          6
 Spellforged Servitor     Conj/Summ      67%        N/A       1%          7
 Metabolic Englaciation   Hex/Ice        46%        N/A       2%          5
 Sting                    Tmut/Pois      100%       1d8       3%          1
 Summon Small Mammal      Summ           100%       N/A       3%          1
 Olgreb's Toxic Radiance  Pois           45%        N/A       3%          4
 Call Imp                 Summ           90%        N/A       4%          2
 Jinxbite                 Hex            90%        N/A       4%          2
 Passwall                 Tmut/Erth      37%        N/A       4%          2
 Wereblood                Tmut           45%        N/A       4%          2
 Passage of Golubria      Tloc           75%        N/A       4%          4
 Call Canine Familiar     Summ           45%        N/A       6%          3
 Summon Guardian Golem    Hex/Summ       45%        N/A       6%          3
 Simulacrum               Ice/Necr       46%        N/A       7%          6
 Lehudib's Crystal Spear  Conj/Erth      67%        10d15     7%          8
 Lee's Rapid Deconstruct  Erth           22%        3d13*     8%          5
 Animate Armour           Summ/Erth      90%        N/A       12%         4
 Dispel Undead            Necr           45%        3d17      12%         4
 Summon Forest            Summ/Tloc      31%        N/A       12%         5
 Alistair's Intoxication  Tmut/Pois      30%        N/A       26%         5
 Borgnjor's Vile Clutch   Necr/Erth      22%        N/A       26%         5
 Summon Mana Viper        Hex/Summ       45%        N/A       26%         5
 Eringya's Noxious Bog    Tmut/Pois      22%        4d6       26%         6
 Death Channel            Necr           22%        N/A       67%         6
 Summon Cactus Giant      Summ           22%        N/A       67%         6
 Malign Gateway           Summ/Tloc      31%        N/A       86%         7
 Disjunction              Tloc           37%        N/A       99%         8
 Discord                  Hex            22%        N/A       100%        8
 Summon Horrible Things   Summ           22%        N/A       100%        8
 Shatter                  Erth           22%        3d20*     100%        9


Dungeon Overview and Level Annotations

Branches:
Dungeon (15/15)            Temple (1/1) D:5            Lair (5/5) D:8
  Swamp (4/4) Lair:2        Snake (4/4) Lair:3        Slime (5/5) Lair:4
    Orc (2/2) D:12            Elf (3/3) Orc:2        Vaults (5/5) D:14
  Crypt (3/3) Vaults:2       Tomb (0/3) Crypt:3      Depths (4/4) D:15
   Hell (visited)             Dis (0/7) Hell            Geh (0/7) Hell
    Coc (0/7) Hell            Tar (0/7) Hell            Zot (5/5) Depths:4
  IceCv (visited)         Volcano (visited)         Gauntlet (visited)

Altars:
Ashenzari
Cheibriados
Dithmenos
Elyvilon
Fedhas
Gozag
Hepliaklqana
Kikubaaqudgha
Makhleb
Nemelex Xobeh
Okawaru
Qazlal
Ru
Sif Muna
Trog
Uskayaw
Vehumet
Wu Jian
Xom
Yredelemnul
Zin
The Shining One

Shops:
D:1 *[:*   D:2 :   D:5 !   D:7 *   D:8 [   D:12 :   Orc:1 *   Orc:2 *[[(![
Elf:1 *:((   Elf:2 =   Elf:3 [   Snake:2 *   Vaults:3 (

Portals:
Hell: Depths:1 Depths:2 Depths:3 Depths:4
Abyss: Depths:4
Pandemonium: Depths:2
Ziggurat: Depths:3

Annotations:
D:12 Frances
Snake:2 1 exclusion, Mlioglotl
Crypt:1 2 transporters, Laziaso's ghost, adept GrFi


Innate Abilities, Weirdness & Mutations

You have supernaturally acute eyesight. (SInv)
Your mind is acute. (Int +4, Str/Dex -1)
Your natural rate of healing is unusually fast.
Your spells are a little harder to cast, but a little more powerful.


Message History

Aiming: Fire Storm (dangerous; 2% risk of failure)
Press: ? - help, Dir - move target, f - smoke demon
Aim: a smoke demon You feel a surge of power!
A raging storm of fire appears!
The great blast of fire engulfs the smoke demon!!!
The smoke demon partially resists.
You kill the smoke demon!
Vehumet accepts your kill.
You feel your power returning.
You start resting.
You are no longer corroded.
Magic restored.
There is an escape hatch in the ceiling here.
A mysterious force pulls you upwards. The hatch slams shut behind you.
You see here a +0 club.
A lorocyproca comes into view.
Casting: Fire Storm (dangerous; 2% risk of failure)
Confirm with . or Enter, or press ? or * to list all spells.
You feel a surge of power! Lightning arcs from your hands!
The bolt of lightning hits the lorocyproca!!!!
The lorocyproca resists.
You kill the lorocyproca!
Vehumet accepts your kill.
You feel your power returning. The bolt of lightning hits you! You resist.
Unknown command.
Unknown command.
A great orb of eyes comes into view.
Casting: Chain Lightning (dangerous; 2% risk of failure)
Confirm with . or Enter, or press ? or * to list all spells.
You feel a surge of power! Lightning arcs from your hands!
The bolt of lightning hits the great orb of eyes!!!!
You kill the great orb of eyes!
Vehumet accepts your kill.
Unknown command.
Unknown command.
HP restored.
Things that are here:
a +0 dagger; a +0 dagger
There is a staircase leading out of the dungeon here.
You have escaped!

#...######## #.### #
########.# #
#......#.###### #
#.............##
#......######..#
#######......# ##.#
#....##......# ### #.#
#....##......# #@# #.###
#....##......# #.# #...#
#....##......# #.# ###.###
.............# #.# #...#
'....###.#######.#######.#
'>...# #.)...............#
+.#### #########.#######.#
..# #.# #.# ### #.# ##.#


There were no monsters in sight!

Vanquished Creatures
  Dissolution (Slime:5)
  the Royal Jelly (Slime:5)
  4 orbs of fire (Zot:5)
  4 dread liches
  The ghost of Jiorhin the Wrestler, a legendary TrBe of Trog (Zot:1)
  Khufu (Crypt:2)
  An ancient lich (Zot:5)
  A juggernaut (Depths:4)
  The ghost of Beclu the Imperceptible, a legendary GnSk of Dithmenos (Zot:1)
  Mara (Vaults:2)
  The ghost of wilo the Conqueror, a master MfBe of Trog (Zot:1)
  The ghost of wilo the Conqueror, a master MfBe of Trog (Zot:1)
  2 royal mummies (Crypt:2)
  Sojobo (Depths:2)
  Boris (twice) (Vaults:4 Depths:1)
  Vv (Depths:2)
  The ghost of Segywoho the Conqueror, a legendary DsGl of Qazlal (Zot:1)
  The ghost of Segywoho the Conqueror, a legendary DsGl of Qazlal (Zot:1)
  A pandemonium lord (Depths:2)
  8 Killer Klowns (Zot:5)
  Vashnia (Snake:2)
  A curse toe (Zot:4)
  Margery (Vaults:4)
  Frederick (Depths:4)
  Geryon (Hell)
  A caustic shrike (Depths:3)
  Norris (Vaults:2)
  A profane servitor (Depths:4)
  Jory (Crypt:1)
  10 golden dragons
  A Brimstone Fiend (D:12)
  4 electric golems
  A shard shrike zombie (Crypt:3)
  2 Tzitzimimeh
  24 tentacled monstrosities
  Rupert (Lair:5)
  An Ice Fiend (Depths:2)
  Zenata (Vaults:2)
  Jorgrun (D:14)
  A walking earthen tome (Depths:3)
  6 liches
  28 Orb Guardians
  3 titans
  3 deep elf blademasters
  5 sphinxes
  20 acid blobs
  19 quicksilver dragons
  2 deep elf master archers (Elf:3)
  2 Executioners (Depths:4)
  Murray (Hell)
  14 death cobs
  3 ancient champions
  Roxanne (D:14)
  6 tengu reavers
  Aizul (Snake:2)
  15 storm dragons
  A revenant (Crypt:3)
  13 nagarajas
  12 shadow dragons
  11 rockslimes
  A fenstrider witch (Swamp:3)
  9 draconian monks
  8 azure jellies
  An azure jelly (shapeshifter) (Vaults:5)
  5 draconian scorchers
  20 vault wardens
  11 frost giants
  A demonspawn warmonger (Depths:4)
  4 deep elf sorcerers
  4 fire giants
  Louise (Depths:4)
  A caustic shrike zombie (Crypt:3)
  5 deep elf elementalists
  4 iron dragons
  2 balrugs
  6 draconian knights
  8 ghouls
  3 spriggan defenders
  The ghost of Slobodan the Basher, a journeyman HuRe of Jiyva (Lair:4)
  5 draconian shifters
  3 orc warlords
  2 curse skulls (Crypt:3)
  A juggernaut zombie (Depths:3)
  4 war gargoyles
  2 ghost moths
  6 draconian annihilators
  17 ironbound preservers
  7 reapers
  13 quicksilver oozes
  6 draconian stormcallers
  5 formless jellyfish
  19 very ugly things
  9 ironbound thunderhulks
  9 stone giants
  5 black draconians
  4 eleionomae
  6 deep elf demonologists (Elf:3)
  An eleionoma (shapeshifter) (Vaults:5)
  13 vampire knights
  4 deep elf annihilators
  8 green draconians
  11 red draconians
  A bunyip (shapeshifter) (D:14)
  5 bunyips
  A minotaur (Gauntlet)
  A lorocyproca (D:1)
  17 dire elephants
  12 yellow draconians
  8 deep elf death magi
  2 blizzard demons
  2 crystal guardians (Vaults:4)
  15 white draconians
  19 spark wasps
  25 purple draconians
  8 eidola
  8 jiangshi
  A mummy priest (Crypt:3)
  2 shambling mangroves
  Snorg (D:14)
  9 fire dragons
  10 ettins
  An elf zombie (Hell)
  An acid blob zombie (Crypt:1)
  2 entropy weavers
  Josephine (D:10)
  14 yaktaur captains
  2 green deaths (Swamp:4)
  3 deep elf high priests
  8 rakshasas
  14 hydras
  4 salamander tyrants
  15 ice dragons
  8 great orbs of eyes
  29 vault guards
  9 spriggan air magi
  A hell beast (Hell)
  A quicksilver dragon skeleton (Hell)
  12 centaur warriors
  6 anacondas
  2 sphinx zombies
  A fenstrider witch zombie (Crypt:3)
  3 ogre magi
  Erica (D:9)
  11 alligators
  3 peacekeepers
  9 boulder beetles
  3 death knights
  10 ironbound frosthearts
  15 naga warriors
  5 vampire magi
  An azure jelly zombie (Crypt:2)
  7 deep troll shamans
  9 tengu warriors
  6 two-headed ogres
  29 dancing weapons
  13 spriggan berserkers
  Urug (D:12)
  8 hell hogs
  A titan zombie (Crypt:3)
  An occultist (Elf:1)
  A thrashing horror (Swamp:4)
  15 naga sharpshooters
  7 orc high priests
  7 shock serpents
  20 deep elf knights
  3 storm dragon zombies
  18 hell knights
  8 deep troll earth magi
  3 sun demons
  9 soul eaters
  A skyshark (shapeshifter) (D:14)
  3 fire crabs
  5 salamander mystics
  3 shadow wraiths
  5 iron trolls
  2 titan skeletons
  49 deep trolls
  2 skysharks (Vaults:2)
  5 goliath frogs
  22 skeletal warriors
  2 anaconda zombies (Hell)
  A bunyip zombie (Crypt:3)
  2 anaconda skeletons
  4 glowing orange brains
  2 flayed ghosts
  9 bog bodies
  6 spriggan druids
  2 death drakes (Swamp:3)
  An iron giant skeleton (Crypt:3)
  11 swamp dragons
  2 orange crystal statues
  16 phantasmal warriors
  A bunyip skeleton (Hell)
  17 deep elf zephyrmancers
  6 orc knights
  A spriggan simulacrum (Crypt:2)
  22 deep elf pyromancers
  14 lindwurms
  10 deep elf archers
  7 arcanists
  4 mana vipers
  An oklob plant (Lair:4)
  5 cyclopes
  2 iron dragon zombies (Crypt:3)
  A large abomination (Swamp:4)
  A shadow dragon zombie (Crypt:3)
  A tengu skeleton (Depths:3)
  A fire giant zombie (Depths:3)
  18 ironbound convokers
  A faun (shapeshifter) (D:14)
  24 ugly things
  6 wolf spiders
  4 manticores
  3 shining eyes
  25 necromancers
  2 alligator skeletons (Hell)
  5 orc sorcerers
  14 salamanders
  5 will-o-the-wisps
  5 elephants (Lair:5)
  An iron dragon skeleton (Depths:3)
  An eleionoma zombie (Crypt:2)
  3 ice statues
  34 moths of wrath
  7 guardian serpents
  A toenail golem (D:8)
  31 black mambas
  4 rust devils (Hell)
  3 naga zombies
  Maurice (D:9)
  A black mamba (shapeshifter) (Elf:2)
  2 dire elephant zombies
  2 torpor snails
  4 eyes of devastation
  A centaur skeleton (Crypt:3)
  13 vault sentinels
  A frost giant skeleton (Depths:3)
  7 human skeletons
  3 gargoyles
  11 naga magi
  6 smoke demons
  2 unseen horrors (shapeshifter)
  12 cane toads
  4 hellions
  8 storm dragon simulacra (IceCv)
  A tormentor (D:13)
  Jeremiah (D:8)
  6 molten gargoyles
  An anaconda simulacrum (Hell)
  5 orange demons
  A dire elephant skeleton (Crypt:3)
  A sea snake zombie (Hell)
  37 yaktaurs
  An efreet (D:15)
  9 freezing wraiths
  A yaktaur skeleton (Vaults:4)
  5 tengu conjurers
  13 komodo dragons
  2 rime drakes (Lair:4)
  A redback zombie (Crypt:2)
  4 golden dragon simulacra (IceCv)
  A hydra zombie (Hell)
  2 guardian mummies (Crypt:3)
  8 ice devils
  An unseen horror skeleton (Crypt:2)
  2 red devils
  6 harpy zombies
  4 trolls
  A hydra skeleton (Hell)
  5 tyrant leeches
  8 bloated husks
  8 polar bears
  25 hornets
  A hornet (shapeshifter) (D:15)
  13 hellwings (Crypt:3)
  22 blink frogs
  Grinder (D:3)
  A deep troll zombie (Vaults:4)
  5 glass eyes
  3 harpy skeletons
  5 jumping spiders (Crypt:3)
  A boulder beetle zombie (Crypt:1)
  A meliai zombie (Crypt:1)
  103 slime creatures
  2 shadows
  4 spriggan skeletons
  A black mamba zombie (Crypt:3)
  5 flying skulls (Crypt:2)
  An ettin skeleton (Crypt:3)
  2 vampires (D:11)
  3 air elementals
  7 fire bats
  36 spriggans
  19 wraiths
  5 water elementals
  3 centaur simulacra
  A spriggan (shapeshifter) (D:14)
  An ushabti (Crypt:3)
  5 wyverns
  3 dire elephant simulacra
  44 yaks
  8 basilisks
  A chaos spawn (Depths:2)
  3 steam dragons
  2 fire elementals
  5 redbacks
  A sea snake simulacrum (Hell)
  7 vampire mosquitoes
  36 nagas
  6 wargs
  A harpy simulacrum (Hell)
  9 swamp worms
  7 hell hounds
  17 water moccasins
  20 orc warriors
  A naga skeleton (Crypt:3)
  2 ice beasts
  2 sky beasts (D:7)
  5 ice dragon simulacra (IceCv)
  A demonspawn skeleton (Crypt:2)
  3 black bears (Lair:5)
  9 ogres
  10 boggarts
  15 centaurs
  36 wolves
  5 kobold brigands
  A draconian zombie (Crypt:1)
  A human simulacrum (Vaults:4)
  2 necrophages
  7 bullfrogs
  4 scorpions
  3 gnoll sergeants
  4 earth elementals
  8 wyvern skeletons (Crypt:3)
  6 wights
  3 spriggan zombies
  12 killer bees
  A yak zombie (Crypt:1)
  4 lindwurm simulacra (IceCv)
  A howler monkey (D:7)
  7 electric eels
  10 lava snakes
  4 centaur zombies
  2 human zombies (Crypt:1)
  A quasit (D:4)
  4 iron imps (Crypt:2)
  6 hounds
  A jelly (D:6)
  28 orc priests
  A black bear zombie (Crypt:2)
  2 sleepcaps
  A gnoll bouda (D:5)
  5 iguanas
  34 orc wizards
  3 mummies
  14 gnolls
  3 adders
  An adder (shapeshifter) (Vaults:5)
  3 shadow imps (D:4)
  6 white imps
  9 ufetubi
  2 worms
  A dart slug (D:4)
  68 orcs
  9 ball pythons
  7 endoplasms
  2 giant cockroaches (D:4)
  3 hobgoblins
  2 jackals (D:2)
  22 kobolds
  3 quokkas
  5 bats
  5 frilled lizards
  A giant cockroach zombie (Crypt:1)
  10 goblins
  2 rats
  A creeping inferno (Zot:3)
  A fire vortex (Depths:3)
2560 creatures vanquished.

Vanquished Creatures (collateral kills)
  A quicksilver dragon (Zot:3)
  A black draconian (Zot:5)
  A rakshasa (Depths:2)
3 creatures vanquished.

Vanquished Creatures (others)
  A spriggan (Swamp:1)
  A hornet (Swamp:1)
  167 fire vortices
  3 foxfires (Swamp:3)
172 creatures vanquished.

Grand Total: 2735 creatures vanquished

Notes
Turn   | Place    | Note
-------+----------+-------------------------------------------
     0 | D:1      | Arzdou the Deep Elf Air Elementalist began the quest for
                  | the Orb.
     0 | D:1      | Reached XP level 1. HP: 10/10 MP: 6/6
    82 | D:1      | Found Ivaell's Book Shoppe.
   131 | D:1      | Reached XP level 2. HP: 15/15 MP: 1/8
   232 | D:1      | Found Caojeu's Assorted Antiques.
   351 | D:1      | Found Fuullihi's Antique Armour Shoppe.
   605 | D:1      | Found Guttadgh's General Store.
   724 | D:1      | Reached XP level 3. HP: 13/19 MP: 7/9
  1320 | D:2      | Found Laott's Book Boutique.
  1838 | D:3      | Noticed Grinder
  1992 | D:4      | Learned a level 2 spell: Static Discharge
  2043 | D:4      | Found a stormy altar of Qazlal.
  2071 | D:4      | Reached XP level 4. HP: 22/24 MP: 12/12
  2439 | D:4      | Reached XP level 5. HP: 28/28 MP: 14/14
  2499 | D:4      | Reached skill level 5 in Spellcasting
  2508 | D:4      | HP: 1/28 [poisoned by a scorpion]
  2652 | D:4      | Reached XP level 6. HP: 32/32 MP: 16/16
  2670 | D:4      | Reached skill level 5 in Air Magic
  2818 | D:4      | Found an ornate altar of the Wu Jian Council.
  2862 | D:4      | Found a sacrificial altar of Ru.
  2863 | D:4      | You fall into a shaft and drop 2 floors!
  3093 | D:6      | Got the Lessons on Collective Cleavage
  3099 | D:5      | Entered Level 5 of the Dungeon
  3342 | D:4      | Reached skill level 1 in Ice Magic
  3472 | D:5      | Reached XP level 7. HP: 32/36 MP: 19/19
  3666 | D:4      | Learned a level 4 spell: Airstrike
  3959 | D:5      | Reached skill level 5 in Ice Magic
  3959 | D:5      | Reached XP level 8. HP: 41/41 MP: 18/22
  4272 | D:5      | Found a staircase to the Ecumenical Temple.
  4277 | Temple   | Entered the Ecumenical Temple
  4349 | D:5      | Found Zynkoex's Distillery.
  4890 | D:3      | Paralysed by Grinder for 5 turns
  4898 | D:3      | Killed Grinder
  5038 | D:3      | Found an ancient bone altar of Kikubaaqudgha.
  5044 | D:3      | Found a shimmering blue altar of Sif Muna.
  5046 | D:3      | Found a radiant altar of Vehumet.
  5051 | D:3      | Got Vehumet's Atlas of Injury
  5053 | D:3      | Became a worshipper of Vehumet
  6532 | D:2      | Bought Ozocubu's Autobiography for 264 gold pieces
  6536 | D:2      | Learned a level 3 spell: Ozocubu's Armour
  6793 | D:7      | Reached XP level 9. HP: 45/45 MP: 23/23
  7035 | D:7      | Found an opulent altar of Gozag.
  7035 | D:7      | Found Gozag's Platinum Reserve.
  7675 | D:7      | Found a bloodstained altar of Trog.
  7825 | D:7      | Reached skill level 10 in Ice Magic
  7924 | D:7      | Reached * piety under Vehumet
  7924 | D:7      | Offered knowledge of Kiss of Death by Vehumet.
  8028 | D:7      | Identified the +1 scale mail of Theory {Rampage rF+++ rC-
                  | rCorr}
  8581 | D:8      | Noticed an animated pearl dragon scales
  8581 | D:8      | Found Xoiprojo's Armour Boutique.
  8582 | D:8      | Noticed an animated storm dragon scales
  8605 | D:8      | Noticed Jeremiah
  8623 | D:8      | Killed Jeremiah
  8931 | D:8      | Reached XP level 10. HP: 30/50 MP: 24/24
  9379 | D:8      | Offered knowledge of Sandblast by Vehumet.
  9466 | D:8      | Found a sparkling altar of Nemelex Xobeh.
  9479 | D:8      | Found a broken altar of Ashenzari.
  9819 | D:8      | Reached ** piety under Vehumet
  9988 | D:8      | Found a blossoming altar of Fedhas.
 10039 | D:8      | Learned a level 7 spell: Ozocubu's Refrigeration
 10074 | D:8      | Found a staircase to the Lair.
 10279 | D:9      | Found the +5 robe of Misfortune {Harm *Corrode *Slow EV+5}
 10934 | D:9      | Noticed a two-headed ogre
 10937 | D:9      | Killed a two-headed ogre
 10991 | D:9      | Noticed Erica
 11013 | D:9      | Killed Erica
 11014 | D:9      | Reached skill level 15 in Ice Magic
 11218 | D:9      | Found a glowing golden altar of the Shining One.
 11341 | D:9      | Found an iron altar of Okawaru.
 11378 | D:9      | Noticed Maurice
 11384 | D:9      | Killed Maurice
 11385 | D:9      | Reached XP level 11. HP: 54/54 MP: 13/25
 11537 | D:10     | Entered Level 10 of the Dungeon
 11785 | D:10     | Noticed Josephine
 11795 | D:10     | Killed Josephine
 12026 | D:10     | Offered knowledge of Hailstorm by Vehumet.
 12666 | D:10     | Identified the +12 flail "Deyhyr Qiof" {flame, Fly Int+2
                  | Stlth+}
 12765 | D:10     | Reached *** piety under Vehumet
 13041 | Lair:1   | Entered Level 1 of the Lair of Beasts
 13652 | Lair:1   | Offered knowledge of Mephitic Cloud by Vehumet.
 13851 | Lair:1   | Noticed a boulder beetle
 13862 | Lair:1   | Killed a boulder beetle
 13863 | Lair:1   | Reached skill level 10 in Spellcasting
 14210 | Lair:1   | Noticed a boulder beetle
 14520 | Lair:1   | Reached XP level 12. HP: 59/59 MP: 29/29
 14609 | Lair:1   | Killed a boulder beetle
 15628 | Lair:2   | Reached **** piety under Vehumet
 15920 | Lair:2   | Found a staircase to the Swamp.
 16069 | Lair:2   | Offered knowledge of Lee's Rapid Deconstruction by Vehumet.
 16532 | Lair:2   | Reached skill level 15 in Spellcasting
 17208 | Lair:3   | Found a staircase to the Snake Pit.
 17533 | Lair:3   | Noticed a boulder beetle
 17536 | Lair:3   | Killed a boulder beetle
 17857 | Lair:3   | Reached XP level 13. HP: 63/63 MP: 36/36
 18062 | Lair:4   | Reached skill level 1 in Fighting
 18216 | Lair:4   | Found a dark tunnel.
 18225 | Volcano  | Entered a volcano
 19040 | Volcano  | Found a radiant altar of Vehumet.
 19357 | Lair:4   | Reached ***** piety under Vehumet
 19587 | Lair:4   | Reached skill level 5 in Fighting
 19741 | Lair:4   | Offered knowledge of Freezing Cloud by Vehumet.
 19893 | Lair:4   | Found a staircase to the Slime Pits.
 20238 | Lair:4   | Found a transporter.
 20238 | Lair:4   | Found a transporter.
 20348 | Lair:4   | Noticed Slobodan's ghost (journeyman HuRe)
 20484 | Lair:4   | Found a bloodstained altar of Trog.
 20776 | Lair:5   | Entered Level 5 of the Lair of Beasts
 20995 | Lair:5   | Noticed Rupert
 21202 | Lair:5   | Identified the +0 ring mail "Himebick" {Str+4 Dex+2 SInv}
 22516 | Lair:5   | Identified the staff of Memyeq {Fragile rF+ Will+ MP+9
                  | Str+4 Fire}
 22775 | Lair:5   | Reached XP level 14. HP: 48/86 MP: 19/37
 23923 | Lair:5   | Killed Rupert
 23924 | Lair:5   | Reached skill level 10 in Fighting
 24625 | D:8      | Bought a +2 pair of boots of stealth for 279 gold pieces
 24798 | D:1      | Bought a scroll of blinking for 75 gold pieces
 25052 | D:11     | Identified the +4 scale mail of Mirth {rF+ rCorr}
 26419 | D:12     | Found Plog's Book Shop.
 26511 | D:12     | Reached skill level 2 in Conjurations
 26802 | D:12     | Noticed Frances
 26818 | D:12     | Noticed Urug
 26821 | D:12     | Killed Urug
 26827 | D:12     | Reached skill level 3 in Conjurations
 27075 | D:12     | Found a staircase to the Orcish Mines.
 27193 | Orc:1    | Entered Level 1 of the Orcish Mines
 27783 | Orc:1    | Offered knowledge of Orb of Destruction by Vehumet.
 28360 | Orc:1    | Found Fetal's Mass Market.
 28478 | Orc:2    | Entered Level 2 of the Orcish Mines
 28589 | Orc:2    | Reached skill level 4 in Conjurations
 29094 | Orc:2    | Found Iniagaps's Gadget Gallery.
 29305 | Orc:2    | Reached skill level 5 in Conjurations
 29651 | Orc:2    | Learned a level 7 spell: Orb of Destruction
 29915 | Orc:2    | Found Qunewikhixue's Antique Armour Shop.
 29915 | Orc:2    | Found Kaiw Isa's Distillery.
 29916 | Orc:2    | Found Udghokace's Weapon Boutique.
 29920 | Orc:2    | Found Leav's Armour Shop.
 29926 | Orc:2    | Bought a +1 cloak of poison resistance for 202 gold pieces
 29939 | Orc:2    | Bought a potion of heal wounds for 70 gold pieces
 29939 | Orc:2    | Bought 2 potions of curing for 84 gold pieces
 29939 | Orc:2    | Bought a potion of cancellation for 112 gold pieces
 29939 | Orc:2    | Bought a potion of curing for 42 gold pieces
 29959 | Orc:2    | Offered knowledge of Iskenderun's Battlesphere by Vehumet.
 29998 | Orc:2    | Found Biowo's Armour Shoppe.
 30139 | Orc:2    | Found a staircase to the Elven Halls.
 30587 | D:13     | Found a gate leading to a gauntlet.
 30596 | Gauntlet | Entered a Gauntlet
 30596 | Gauntlet | Found a transporter.
 30605 | Gauntlet | Found a transporter.
 30609 | Gauntlet | Found a transporter.
 30611 | Gauntlet | Found a transporter.
 30624 | Gauntlet | Found a transporter.
 30638 | Gauntlet | Found a transporter.
 30640 | Gauntlet | Noticed a quicksilver ooze
 30643 | Gauntlet | Found a transporter.
 30669 | Gauntlet | Found a transporter.
 30692 | Gauntlet | Found a transporter.
 30704 | Gauntlet | Found a transporter.
 30723 | Gauntlet | Found the +8 whip "Snakebite" {venom, curare, rPois}
 30724 | Gauntlet | Found a transporter.
 30736 | Gauntlet | Found a transporter.
 30748 | Gauntlet | Found a transporter.
 30766 | Gauntlet | Found a transporter.
 30783 | Gauntlet | Found a transporter.
 30785 | Gauntlet | Found a transporter.
 30876 | Gauntlet | Found a transporter.
 30878 | Gauntlet | Found a transporter.
 31047 | Gauntlet | Reached skill level 6 in Conjurations
 31136 | Gauntlet | Identified the ring of the Original Sin {Wiz Str+2}
 31182 | Gauntlet | Killed a quicksilver ooze
 31189 | Gauntlet | Identified the ring "Peumpysch" {rElec Will+}
 31248 | Gauntlet | Got the Elucidation of Attacks and the Mob
 31723 | D:13     | Reached skill level 10 in Air Magic
 32107 | D:14     | Found a gate to the Vaults.
 32107 | D:14     | Noticed an ironbound preserver
 32113 | D:14     | Reached skill level 7 in Conjurations
 32121 | D:14     | Killed an ironbound preserver
 32412 | D:14     | Noticed Snorg
 32415 | D:14     | Killed Snorg
 32483 | D:14     | Noticed Roxanne
 32973 | D:14     | Reached XP level 15. HP: 93/93 MP: 26/38
 33168 | D:14     | Reached skill level 8 in Conjurations
 33538 | D:14     | Killed Roxanne
 34209 | D:14     | Noticed Jorgrun
 34214 | D:14     | Killed Jorgrun
 34348 | D:14     | Reached skill level 9 in Conjurations
 34970 | D:14     | Reached skill level 10 in Conjurations
 35229 | D:14     | Identified the +8 morningstar "Pinatrun" {heavy, rC+}
 35232 | D:14     | Got the Almanac of Direction and the Zephyr
 35234 | D:14     | Identified the +10 short sword of Delicate Cruel Justice
                  | {antimagic, rElec Will+ Int-3}
 35323 | D:15     | Entered Level 15 of the Dungeon
 35857 | D:15     | Identified the staff of the Present {rF+ rC+ rN+ Str+3
                  | Stlth+ Fire}
 35884 | D:15     | Offered knowledge of Arcjolt by Vehumet.
 36287 | D:15     | Reached skill level 11 in Conjurations
 36708 | D:15     | Found a staircase to the Depths.
 37194 | Snake:1  | Entered Level 1 of the Snake Pit
 38170 | Snake:1  | Reached XP level 16. HP: 99/99 MP: 34/39
 38520 | Snake:1  | Reached skill level 12 in Conjurations
 39576 | Snake:2  | Found Weihausm's Assorted Antiques.
 39629 | Snake:2  | Noticed Vashnia
 39736 | Snake:2  | Killed Vashnia
 40005 | Snake:2  | Identified the serpent talisman "Doni" {Int+4}
 40005 | Snake:2  | Noticed Aizul
 40010 | Snake:2  | Killed Aizul
 40616 | Snake:2  | Noticed Mlioglotl
 40730 | Snake:2  | Reached skill level 13 in Conjurations
 43089 | D:8      | Bought the crystal ball of Wucad Mu {*channel} for 1300
                  | gold pieces
 43089 | D:8      | Found the crystal ball of Wucad Mu {*channel}
 43334 | Snake:4  | Entered Level 4 of the Snake Pit
 43396 | Snake:4  | Reached skill level 14 in Conjurations
 43423 | Snake:4  | Reached skill level 15 in Air Magic
 44498 | Snake:4  | Reached ****** piety under Vehumet
 44642 | Snake:4  | Reached XP level 17. HP: 90/103 MP: 23/40
 44780 | Snake:4  | Reached skill level 15 in Conjurations
 45693 | Snake:4  | Got a serpentine rune of Zot
 45919 | Swamp:1  | Entered Level 1 of the Swamp
 46160 | Swamp:1  | Reached skill level 16 in Conjurations
 46225 | Swamp:1  | Offered knowledge of Conjure Ball Lightning by Vehumet.
 46968 | Swamp:1  | Gained mutation: You expend magic power (3 MP) to
                  | strengthen your wands. [potion of mutation]
 46968 | Swamp:1  | Gained mutation: You have a pair of small antennae on your
                  | head. [potion of mutation]
 46969 | Swamp:1  | Lost mutation: You have a pair of small antennae on your
                  | head. [potion of mutation]
 46969 | Swamp:1  | Lost mutation: You expend magic power (3 MP) to strengthen
                  | your wands. [potion of mutation]
 46969 | Swamp:1  | Gained mutation: You are frail. (-10% HP) [potion of
                  | mutation]
 46969 | Swamp:1  | Gained mutation: Your spells are a little easier to cast,
                  | but a little less powerful. [potion of mutation]
 46969 | Swamp:1  | Gained mutation: You are strong-willed. (Will+) [potion of
                  | mutation]
 46970 | Swamp:1  | Lost mutation: You are strong-willed. (Will+) [potion of
                  | mutation]
 46970 | Swamp:1  | Lost mutation: Your spells are a little easier to cast, but
                  | a little less powerful. [potion of mutation]
 46970 | Swamp:1  | Lost mutation: You are frail. (-10% HP) [potion of
                  | mutation]
 46970 | Swamp:1  | Gained mutation: Your body sometimes deteriorates upon
                  | taking damage. [potion of mutation]
 46970 | Swamp:1  | Gained mutation: You occasionally shout uncontrollably at
                  | your foes. [potion of mutation]
 46970 | Swamp:1  | Gained mutation: Your mind is acute. (Int +4, Str/Dex -1)
                  | [potion of mutation]
 46971 | Swamp:1  | Lost mutation: Your body sometimes deteriorates upon taking
                  | damage. [potion of mutation]
 46971 | Swamp:1  | Lost mutation: You occasionally shout uncontrollably at
                  | your foes. [potion of mutation]
 46971 | Swamp:1  | Lost mutation: Your mind is acute. (Int +4, Str/Dex -1)
                  | [potion of mutation]
 46971 | Swamp:1  | Gained mutation: Your natural rate of healing is unusually
                  | fast. [potion of mutation]
 46971 | Swamp:1  | Gained mutation: Your spells are a little harder to cast,
                  | but a little more powerful. [potion of mutation]
 46971 | Swamp:1  | Gained mutation: You have supernaturally acute eyesight.
                  | (SInv) [potion of mutation]
 47952 | Swamp:3  | Reached skill level 17 in Conjurations
 48484 | Swamp:3  | Reached XP level 18. HP: 44/108 MP: 30/41
 48727 | Swamp:3  | Noticed a tentacled monstrosity
 48731 | Swamp:3  | Identified the +0 robe "Wucuch" {rPois rF+ Int+2}
 48731 | Swamp:3  | Killed a tentacled monstrosity
 48869 | Swamp:3  | Identified the +3 flail of Deps {drain, rN+}
 49235 | Swamp:4  | Entered Level 4 of the Swamp
 49257 | Swamp:4  | Noticed a tentacled monstrosity
 49308 | Swamp:4  | Noticed a tentacled monstrosity
 49311 | Swamp:4  | Killed a tentacled monstrosity
 49510 | Swamp:4  | Killed a tentacled monstrosity
 49758 | Swamp:4  | Reached skill level 18 in Conjurations
 49819 | Swamp:4  | Offered knowledge of Spellforged Servitor by Vehumet.
 50003 | Swamp:4  | Noticed a tentacled monstrosity
 50026 | Swamp:4  | Killed a tentacled monstrosity
 50410 | Swamp:4  | Got a decaying rune of Zot
 50692 | Swamp:4  | Learned a level 9 spell: Chain Lightning
 51001 | Vaults:1 | Entered Level 1 of the Vaults
 51446 | Vaults:1 | Reached skill level 19 in Conjurations
 52461 | Vaults:1 | Reached XP level 19. HP: 113/113 MP: 33/42
 52722 | Vaults:1 | Offered knowledge of Maxwell's Capacitive Coupling by
                  | Vehumet.
 52998 | Vaults:2 | Noticed Mara
 53306 | Vaults:1 | Learned a level 8 spell: Maxwell's Capacitive Coupling
 53604 | Vaults:2 | Found a staircase to the Crypt.
 53678 | Vaults:2 | Reached skill level 20 in Conjurations
 54124 | Vaults:2 | Noticed Norris
 54130 | Vaults:2 | Killed Norris
 55193 | Vaults:2 | Killed Mara
 55266 | Vaults:2 | Noticed Zenata
 55273 | Vaults:2 | Killed Zenata
 55873 | Vaults:3 | Paralysed by a sphinx for 4 turns
 55881 | Vaults:3 | Reached skill level 21 in Conjurations
 56284 | Vaults:3 | Identified the amulet of the Griffon {Reflect *Corrode
                  | Dex+5 SH+5}
 56611 | Vaults:3 | Found Reghofyu's Antique Weapon Boutique.
 56896 | Vaults:3 | Offered knowledge of Polar Vortex by Vehumet.
 56896 | Vaults:3 | Offered knowledge of Ignition by Vehumet.
 57005 | Vaults:3 | Reached XP level 20. HP: 113/119 MP: 27/43
 57410 | Vaults:4 | Noticed Boris
 57414 | Vaults:4 | Killed Boris
 57536 | Vaults:4 | Found a flickering gateway to a bazaar.
 57541 | Bazaar   | Entered a bazaar
 57575 | Bazaar   | Found Anit's Armour Boutique.
 57597 | Bazaar   | Found Riataira's Assorted Antiques.
 57618 | Bazaar   | Found Oloh's General Store.
 57638 | Bazaar   | Found Moxto's General Store.
 57680 | Bazaar   | Bought a scroll of teleportation for 102 gold pieces
 57680 | Bazaar   | Bought 2 scrolls of revelation for 510 gold pieces
 57710 | Bazaar   | Bought 3 scrolls of teleportation for 126 gold pieces
 57740 | Bazaar   | Bought 2 potions of cancellation for 544 gold pieces
 57847 | Vaults:4 | Learned a level 8 spell: Ignition
 57938 | Vaults:4 | Noticed Margery
 57944 | Vaults:4 | Killed Margery
 58198 | Vaults:4 | Reached skill level 22 in Conjurations
 59374 | Vaults:5 | Entered Level 5 of the Vaults
 59377 | Vaults:5 | Reached skill level 5 in Dodging
 59749 | Elf:1    | Entered Level 1 of the Elven Halls
 59790 | Elf:1    | Found Qeutewn's Book Shop.
 59792 | Elf:1    | Found Ysunt's Antique Weapon Boutique.
 59795 | Elf:1    | Found Onelios's Antique Weapon Shop.
 59821 | Elf:1    | Found a frozen archway.
 59853 | IceCv    | Entered an ice cave
 60130 | IceCv    | Reached XP level 21. HP: 126/126 MP: 44/44
 60183 | IceCv    | Noticed a golden dragon
 60187 | IceCv    | Killed a golden dragon
 60326 | IceCv    | Identified the ring of Gub Cis {rF+ Str+3 Int+3 Slay+4}
 60330 | IceCv    | Identified the amulet "Wufip" {Acrobat Harm rPois}
 61096 | Elf:1    | Found Hionasch's General Store.
 61104 | Elf:1    | Bought a potion of resistance for 160 gold pieces
 61764 | Elf:2    | Identified the +1 leather armour of Xatzasko {rElec Str+6
                  | Int-4}
 61774 | Elf:2    | Reached skill level 10 in Dodging
 62170 | Elf:2    | Found Fomm's Jewellery Shop.
 62390 | Elf:2    | Found a runed translucent gate.
 62390 | Elf:2    | Found a runed translucent gate.
 62390 | Elf:2    | Found a runed translucent gate.
 63306 | Elf:3    | Entered Level 3 of the Elven Halls
 64054 | Elf:3    | Found Vyrpher's Antique Armour Emporium.
 64766 | Elf:3    | Identified the +0 plate armour of Ashenzari's Approval
                  | {Str+5 Int-3}
 64807 | Elf:3    | Identified the staff of Ocvashrae {rPois Dex+3 Conj Poison}
 64813 | Elf:3    | Got Ridiramu's Parchment of Evolving Graupel
 64877 | Elf:3    | Got the Discursus on Ill Luck
 64879 | Elf:3    | Got the Essays on Energy and the Compass
 64890 | Elf:3    | Identified the +1 double sword "Newtbane" {spect, rN+}
 64893 | Elf:3    | Identified the staff of Asiupna {rPois Str-3 Dex+2 Stlth+
                  | Poison}
 65277 | Slime:1  | Entered Level 1 of the Pits of Slime
 65755 | Slime:3  | Reached XP level 22. HP: 127/137 MP: 36/45
 66111 | Slime:5  | Entered Level 5 of the Pits of Slime
 66117 | Slime:5  | Noticed Dissolution
 66125 | Slime:5  | Killed Dissolution
 66127 | Slime:5  | Noticed the Royal Jelly
 66300 | Slime:5  | Reached skill level 15 in Dodging
 66474 | Slime:5  | Killed the Royal Jelly
 66475 | Slime:5  | Reached skill level 15 in Fighting
 66639 | Slime:5  | Reached skill level 1 in Fire Magic
 66668 | Slime:5  | Found the +7 Kryia's mail coat {PotionHeal*2 rC+}
 66679 | Slime:5  | Identified the ring "Rihy" {rPois rF+ Will+ Str+3}
 66717 | Slime:5  | Identified the +0 pair of boots of Quicies {Int+7}
 66730 | Slime:5  | Identified the +3 plate armour of Wu Jian's Approval {Will+
                  | Str+3}
 66750 | Slime:5  | Identified the amulet "Xogafag" {Spirit Int+4 SInv}
 66774 | Slime:5  | Identified the amulet "Sastrapra" {RegenMP Rampage rPois
                  | rF+ Int-4}
 66779 | Slime:5  | Identified the +1 leather armour "Ipseh" {rPois}
 66786 | Slime:5  | Got a slimy rune of Zot
 67413 | Lair:4   | Killed Slobodan's ghost
 67580 | Snake:2  | Bought an embroidered cloak for 277 gold pieces
 67580 | Snake:2  | Bought a shimmering staff for 629 gold pieces
 67580 | Snake:2  | Identified the staff of Plog {Will+ Str+4 Earth} (You
                  | bought it in a shop on level 2 of the Snake Pit)
 67995 | Elf:3    | Bought a shiny helmet for 247 gold pieces
 67995 | Elf:3    | Bought an embroidered cloak for 247 gold pieces
 68435 | Vaults:5 | Reached skill level 5 in Fire Magic
 68828 | Vaults:5 | Identified the +8 dire flail of Opposiur {freeze, Fragile
                  | rCorr Int+2}
 68828 | Vaults:5 | Identified the ring of Beogh's Anger {rF+ Will+ Str+2}
 69096 | Vaults:5 | Identified the +7 chain mail of Action {*Slow MP+9 Str+5
                  | Int+3}
 69133 | Vaults:5 | Reached skill level 10 in Fire Magic
 69245 | Vaults:5 | Identified the +9 dagger "Laiff" {holy, rElec}
 69329 | Vaults:5 | Reached XP level 23. HP: 108/144 MP: 46/46
 69388 | Vaults:5 | Identified the staff of the Grave {rN+ Conj}
 69492 | Vaults:5 | Identified the staff of Destruction {rElec rN+ Str+3 Necro}
 69501 | Vaults:5 | Got a silver rune of Zot
 69791 | Vaults:5 | Identified the +5 quarterstaff of Miniatum {flame, rElec
                  | Dex+2 SInv}
 69905 | Vaults:5 | Identified the +1 helmet "Quhigiekk" {Rampage rN+ Will+}
 70378 | Crypt:1  | Entered Level 1 of the Crypt
 70404 | Crypt:1  | Noticed Jory
 70408 | Crypt:1  | Killed Jory
 70853 | Crypt:1  | Found a transporter.
 70859 | Crypt:1  | Noticed Laziaso's ghost (adept GrFi)
 70880 | Crypt:1  | Found a transporter.
 71283 | Crypt:2  | Reached skill level 15 in Fire Magic
 71295 | Crypt:2  | Identified the +15 plate armour of the Blue Skies {rPois
                  | rC+}
 71372 | Crypt:2  | Noticed Khufu
 71378 | Crypt:2  | Noticed a royal mummy
 71380 | Crypt:2  | Killed Khufu
 71388 | Crypt:2  | Killed a royal mummy
 71478 | Crypt:1  | Found a basalt altar of Yredelemnul.
 71502 | Crypt:2  | Noticed a royal mummy
 71507 | Crypt:2  | Killed a royal mummy
 71693 | Crypt:2  | Found a burning altar of Makhleb.
 72102 | Crypt:2  | Learned a level 9 spell: Fire Storm
 72108 | Crypt:2  | Learned a level 2 spell: Blink
 72129 | Crypt:3  | Entered Level 3 of the Crypt
 72754 | Crypt:3  | Identified the +6 scale mail of Ashenzari's Anger {Harm
                  | rElec Str-4}
 72811 | Crypt:3  | Found a staircase to the Tomb.
 73309 | Crypt:3  | Found an ancient bone altar of Kikubaaqudgha.
 73523 | Crypt:3  | Noticed a dread lich
 73525 | Crypt:3  | Killed a dread lich
 73526 | Crypt:3  | Reached XP level 24. HP: 125/150 MP: 36/46
 74552 | Depths:1 | Entered Level 1 of the Depths
 75083 | Depths:1 | Noticed Boris
 75088 | Depths:1 | Killed Boris
 75200 | Depths:1 | Found a gateway to Hell.
 75242 | Hell     | Entered the Vestibule of Hell
 75257 | Hell     | Noticed Murray
 75258 | Hell     | Noticed Geryon
 75259 | Hell     | Killed Murray
 75429 | Depths:2 | Noticed Sojobo
 75433 | Depths:2 | Killed Sojobo
 75451 | Depths:2 | HP: 7/152 [arc of chain lightning (16)]
 75651 | Depths:2 | Noticed Vv
 75658 | Depths:2 | Killed Vv
 76125 | Depths:2 | Found a shadowy altar of Dithmenos.
 76626 | Depths:2 | Found a one-way gate leading to the halls of Pandemonium.
 76760 | Hell     | Killed Geryon
 77021 | Hell     | Reached XP level 25. HP: 129/162 MP: 38/46
 77120 | Hell     | Found a gateway to the Iron City of Dis.
 77191 | Hell     | Found a gateway to the freezing wastes of Cocytus.
 77255 | Hell     | Found a gateway to the decaying netherworld of Tartarus.
 77377 | Hell     | Found a gateway to the ashen valley of Gehenna.
 78219 | Depths:3 | Found a one-way gateway to a ziggurat.
 78234 | Depths:3 | Reached skill level 23 in Conjurations
 78523 | Depths:3 | Identified the +3 leather armour "Puumut" {rF++ Will+ rCorr
                  | Str-4}
 78583 | Depths:3 | You fall into a shaft and drop 1 floor!
 78583 | Depths:4 | Entered Level 4 of the Depths
 78587 | Depths:4 | Noticed a juggernaut
 78593 | Depths:4 | Killed a juggernaut
 78698 | Depths:4 | Noticed Frederick
 78700 | Depths:4 | Killed Frederick
 78994 | Depths:4 | Found a one-way gate to the infinite horrors of the Abyss.
 78999 | Depths:4 | Noticed Louise
 79008 | Depths:4 | Killed Louise
 79141 | Depths:4 | Reached skill level 24 in Conjurations
 79169 | Depths:4 | Found a gate to the Realm of Zot.
 79427 | Depths:4 | Identified the serpent talisman of the Desert {*Corrode
                  | rElec rPois Int+4}
 79671 | Zot:1    | Entered Level 1 of the Realm of Zot
 79891 | Zot:1    | Identified the +9 dagger of Dried Tears {heavy, Int+3}
 80378 | Zot:1    | Found a huge runed gate.
 80378 | Zot:1    | Found a huge runed gate.
 80378 | Zot:1    | Found a huge runed gate.
 80378 | Zot:1    | Found a huge runed gate.
 80378 | Zot:1    | Found a huge runed gate.
 80380 | Zot:1    | Found a huge runed gate.
 80380 | Zot:1    | Found a huge runed gate.
 80381 | Zot:1    | Found a huge runed gate.
 80381 | Zot:1    | Found a huge runed gate.
 80382 | Zot:1    | Found a huge runed gate.
 80389 | Zot:1    | Found a huge runed gate.
 80389 | Zot:1    | Found a huge runed gate.
 80389 | Zot:1    | Found a huge runed gate.
 80389 | Zot:1    | Found a huge runed gate.
 80389 | Zot:1    | Found a huge runed gate.
 80389 | Zot:1    | Found a huge runed gate.
 80390 | Zot:1    | Found a huge runed gate.
 80391 | Zot:1    | Found a huge runed gate.
 80443 | Zot:1    | Found a huge runed gate.
 80450 | Zot:1    | Found a huge runed gate.
 80450 | Zot:1    | Found a huge runed gate.
 80451 | Zot:1    | Found a huge runed gate.
 80452 | Zot:1    | Found a huge runed gate.
 80453 | Zot:1    | Found a huge runed gate.
 80454 | Zot:1    | Found a huge runed gate.
 80455 | Zot:1    | Found a huge runed gate.
 80456 | Zot:1    | Found a huge runed gate.
 80473 | Zot:1    | Found a huge runed gate.
 80473 | Zot:1    | Found a huge runed gate.
 80473 | Zot:1    | Found a huge runed gate.
 80473 | Zot:1    | Found a huge runed gate.
 80474 | Zot:1    | Found a huge runed gate.
 80475 | Zot:1    | Found a huge runed gate.
 80476 | Zot:1    | Found a huge runed gate.
 80479 | Zot:1    | Found a huge runed gate.
 80523 | Zot:1    | Found a huge runed gate.
 80789 | Zot:1    | Noticed Beclu's ghost (legendary GnSk)
 80789 | Zot:1    | Noticed wilo's ghost (master MfBe)
 80789 | Zot:1    | Noticed Segywoho's ghost (legendary DsGl)
 80789 | Zot:1    | Noticed Segywoho's ghost (legendary DsGl)
 80790 | Zot:1    | Noticed wilo's ghost (master MfBe)
 80791 | Zot:1    | Reached XP level 26. HP: 164/173 MP: 44/46
 80791 | Zot:1    | Noticed Jiorhin's ghost (legendary TrBe)
 80792 | Zot:1    | Killed Segywoho's ghost
 80792 | Zot:1    | Killed wilo's ghost
 80793 | Zot:1    | Killed Beclu's ghost
 80793 | Zot:1    | Killed wilo's ghost
 80795 | Zot:1    | Killed Segywoho's ghost
 80796 | Zot:1    | Killed Jiorhin's ghost
 81011 | Zot:2    | Reached skill level 25 in Conjurations
 81012 | Zot:2    | Reached skill level 1 in Armour
 81453 | Zot:2    | Reached skill level 5 in Armour
 81921 | Zot:2    | You fall into a shaft and drop 1 floor!
 82700 | Zot:3    | Identified the +9 short sword "Xafya" {freeze, MP+9}
 83386 | Zot:3    | Reached skill level 26 in Conjurations
 83786 | Zot:4    | Reached XP level 27. HP: 181/181 MP: 45/46
 83791 | Zot:4    | Identified the +4 great sword of Iliodan {venom, rN+ Dex+3}
 84512 | Zot:5    | Entered Level 5 of the Realm of Zot
 84756 | Zot:5    | Reached skill level 27 in Conjurations
 84991 | Zot:5    | Noticed an orb of fire
 84994 | Zot:5    | Killed an orb of fire
 84998 | Zot:5    | Noticed a dread lich
 85000 | Zot:5    | Killed a dread lich
 85001 | Zot:5    | Reached skill level 5 in Evocations
 85003 | Zot:5    | Noticed an ancient lich
 85010 | Zot:5    | Noticed an orb of fire
 85011 | Zot:5    | Killed an ancient lich
 85018 | Zot:5    | Killed an orb of fire
 85032 | Zot:5    | Noticed an orb of fire
 85036 | Zot:5    | Killed an orb of fire
 85046 | Zot:5    | Noticed an orb of fire
 85050 | Zot:5    | Gained mutation: Your mind is acute. (Int +4, Str/Dex -1)
                  | [an orb of fire]
 85051 | Zot:5    | Killed an orb of fire
 85057 | Zot:5    | Noticed a dread lich
 85059 | Zot:5    | Killed a dread lich
 85228 | Zot:5    | Noticed a dread lich
 85232 | Zot:5    | Killed a dread lich
 85300 | Zot:5    | Reached skill level 10 in Evocations
 85773 | Zot:5    | Got the Orb of Zot
 85911 | Depths:4 | Reached skill level 1 in Translocations
 86083 | Depths:2 | Noticed Puag the pandemonium lord
 86087 | Depths:2 | Killed Puag the pandemonium lord
 86477 | D:$      | Escaped with the Orb!

Illustrated notes

Levels and vault maps discovered:
D:1:      lemuel_arrival_cross, layout_basic, serial_shops, shop,
          nicolae_shop_back_alley_shop, nicolae_shop_tiny_real_fake_doors,
          nicolae_shop_tiny_statue_garden
D:2:      layout_loops_cross, serial_shops, nicolae_shop_rolling_square,
          minmay_pentomino_v4
D:3:      layout_loops_cross, grunt_temple_overflow_magic_moments,
          grunt_ministairs_7, minmay_fractal_squares_gapless_5, uniq_grinder
D:4:      layout_cave_pools, mainiacjoe_overflow_divided_tiny,
          lemuel_tele_altar, serial_demonic, serial_demonic_a, serial_demonic_d,
          serial_demonic_f, serial_demonic_c
D:5:      layout_cave_pools, temple_statues, serial_shops, shop
D:6:      layout_loops_corners
D:7:      minmay_bubble_buster, layout_cave_pools,
          nicolae_gozag_zags_fifth_avenue, kennysheep_mini_moat,
          corexii_item_surrounded_by_moat, kennysheep_small_square
D:8:      layout_rooms, fedhas_ov_isle_minmay,
          mainiacjoe_overflow_catch_the_wave, david_lair_shrubbed, serial_shops,
          nicolae_shop_mannequins, uniq_jeremiah
D:9:      layout_small_grid, mainiacjoe_overflow_alcove_1,
          hellmonk_okawaru_the_only_friend_you_need,
          hangedman_decor_clover_reticule, uniq_maurice, uniq_erica
D:10:     layout_small_grid, hex_large, uniq_josephine
D:11:     layout_stronghold
D:12:     layout_cave_pools, david_orc_3, serial_shops, shop, minmay_liquid_box,
          uniq_frances, uniq_urug
D:13:     layout_loops_ring, gauntlet_entry_generic
D:14:     layout_roguey, hellmonk_vaults_order_and_chaos, serial_park_fountain,
          minmay_the_grid_square_5x5_3x3_mashed
          [minmay_the_grid_square_5x5_shrine2,
          minmay_the_grid_square_5x5_corner, minmay_the_grid_square_5x5_spiral,
          minmay_the_grid_square_5x5_minibox,
          minmay_the_grid_square_5x5_megaprize_crossed,
          minmay_the_grid_square_5x5_bridge, minmay_the_grid_square_5x5_eight,
          minmay_the_grid_square_5x5_six,
          minmay_the_grid_square_5x5_eight_small], uniq_roxanne, uniq_jorgrun,
          uniq_snorg
D:15:     gammafunk_depths_entry_grave, layout_cross, serial_park,
          serial_park_square3 [serial_park_minivault_5x5_2],
          serial_park_square2, serial_park_tiny_1, serial_park_tiny_1
Temple:   hellmonk_temple_forest_ring
Lair:1:   layout_regular_city, pdpol_lair_cavern_descent
Lair:2:   layout_cave_pods, minmay_swamp_entry_swarm
Lair:3:   layout_gridlike, nicolae_snake_entry_warm_welcome,
          small_statue_intersection, grunt_megastairs_2,
          infiniplex_staircase_pool, serial_bayou_shore_a
Lair:4:   layout_cave_pods, minmay_slime_entry_oklob_enclosed,
          nicolae_volcano_entry_hallway, gammafunk_ghost_wrathful_warriors,
          serial_bayou, serial_bayou_pond_d, serial_bayou_lagoon_a,
          serial_bayou_pond_d, serial_bayou_shore_b,
          nicolae_lair_run_with_the_wolves, lemuel_fruit_tree
Lair:5:   minmay_lair_end_enchanted_forest, layout_long_grid, minivault_24,
          hangedman_lair_generics_rect, uniq_rupert
Swamp:1:  layout_basic_swamp, serial_swamp_ruin, evilmike_swamp_ruin_house_5,
          evilmike_swamp_ruin_rubble_2
Swamp:2:  cheibrodos_swamp_heart_of_darkness, layout_basic_swamp,
          evilmike_swamp_ruin_house_4
Swamp:3:  nzn_winding_woodlands_cross [nzn_winding_woodlands_5x15_sawtooth,
          nzn_winding_woodlands_5x15_pool, nzn_winding_woodlands_5x15_garden,
          nzn_winding_woodlands_5x15_pockets,
          nzn_winding_woodlands_15x15_thick_spiral], layout_falls_marsh,
          infiniplex_staircase_pool_2
Swamp:4:  swamp_vile, layout_basic_swamp
Snake:1:  layout_chambers, nrook_guardian_serpent_ordinary
Snake:2:  layout_grid_maze, serial_shops, nicolae_shop_statue_plus, uniq_aizul,
          uniq_vashnia, uniq_mlioglotl
Snake:3:  layout_honeycomb
Snake:4:  grunt_snake_rune_spirals, layout_onion
Slime:1:  layout_caves
Slime:2:  layout_caves
Slime:3:  layout_caves, nicolae_slime_barrier
Slime:4:  layout_caves
Slime:5:  slime_pit, uniq_dissolution
Orc:1:    layout_diamond_mine, minmay_shop_mass
Orc:2:    st_orc_mages, layout_caves, serial_shops,
          nicolae_shop_tiny_real_fake_doors, nicolae_shop_gadgets
Elf:1:    layout_geoelf_octagon, serial_shops, nicolae_shop_behind_doors,
          portal_ice_cave_entry_ice_statue_two, hangedman_elf_disciples,
          serial_library_hellmonk_reading_circle, minivault_11, wad_dig_loot,
          minmay_shop_star, uniq_louise
Elf:2:    elven_hall_of_blades_hangedman_original [grunt_blade_entry_basic],
          layout_geoelf_diagonals, serial_shops, shop, grunt_ministairs_9
Elf:3:    elf_hall_gauntlet_wide, layout_onion_city, serial_shops, shop
Vaults:1: nicolae_vaults_turnstiles, hangedman_vaults_hat,
          nicolae_vaults_little_squares_6, kennysheep_ogre_elephant_herders,
          nicolae_vaults_tetromino_T_1, nicolae_vaults_double_plus_1,
          vaults_dpeg_spiral, vaults_dpeg_emergency_exit,
          nicolae_vaults_trapezoid_lopsided_3, v_misc_4,
          nicolae_vaults_asterisk, nicolae_vaults_diagonal_hallway_9,
          nicolae_vaults_two_Ls, layout_vaults_big_cross
Vaults:2: nicolae_vaults_cornered_office, nicolae_vaults_network_s,
          minmay_crypt_entry_nasty_monster, nicolae_vaults_closet_pinwheel_4,
          nicolae_vaults_house_2, v_misc_25, vaults_room_corners,
          nicolae_vaults_storage_closets_3, nicolae_vaults_storage_closets_2,
          ontoclasm_vaults_bender, nicolae_vaults_tetromino_Z_1,
          nicolae_vaults_angled_halls, ontoclasm_vaults_ring_small,
          layout_vaults_ring, uniq_zenata, uniq_mara, uniq_norris
Vaults:3: v_misc_9, vaults_mumra_chevron, nicolae_vaults_mitosis, v_misc_22,
          nicolae_vaults_three_branches, nicolae_vaults_surprise_closet_hard,
          minmay_orc_keep, nicolae_vaults_double_plus_1, ontoclasm_vaults_chip,
          v_rooms_4, vaults_dpeg_diagonal, nicolae_vaults_diamond_1,
          nicolae_vaults_trapezoid_1, vaults_room_door_ring,
          layout_vaults_omnibox, serial_shops, nicolae_shop_trees
Vaults:4: nicolae_vaults_network_star, hangedman_vaults_cutoff, v_misc_9,
          nicolae_vaults_diagonal_hallway_6, vaults_room_door_ring,
          layout_vaults_omnigrid, serial_shops, bzr_in_the_mist, uniq_margery,
          uniq_boris
Vaults:5
Crypt:1:  layout_misc_corridors, gammafunk_ghost_arena,
          grunt_crypt_arrival_guarded_gate, lemuel_upstairs_altar, uniq_jory
Crypt:2:  layout_chaotic_city, lemuel_hellish_altar, uniq_khufu
Crypt:3:  evilmike_haunted_forest
Depths:1: layout_small_grid, grunt_hell_entry_dis_grunt,
          serial_sigils_hangedman_leer, item_on_display_a
Depths:2: regret_index_dithmenos_penumbral_divide, layout_twisted_cross,
          pf_hell_entry_tar_spiral, hangedman_decor_lopped,
          grunt_pan_entry_spiral, uniq_vv, uniq_sojobo
Depths:3: hangedman_grunt_twisty_little_passages, layout_basic,
          enter_ziggurat_e, grunt_decor_one_mirror, hell_entry, abyss_entry,
          dreamdust_wasp_nest
Depths:4: evilmike_zot_entry_round, layout_gridlike,
          nicolae_abyss_entry_one_way_or_another, nicolae_wwwww,
          lightli_too_deep, uniq_frederick
Hell
Zot:1:    layout_onion_interference, gammafunk_ghost_door_vault,
          grunt_ministairs_7, bh_zot_ikea_curve
Zot:2:    kennysheep_ambush_hall, layout_onion_interference,
          hangedman_zot_diagonal_lockstep
Zot:3:    cheibrodos_zot_enchanting_chambers, layout_gridville,
          hangedman_hellfire_club
Zot:4:    layout_cathedral_of_symmetry
Zot:5:    layout_basic

Skill      XL: |  1  2  3  4  5  6  7  8  9 10 11 12 13 14 15 16 17 18 19 20 21 22 23 24 25 26 27 |
---------------+----------------------------------------------------------------------------------+-----
Stealth        | 3 |  3.0
Dodging        | 3 8 13 15 | 15.6
Spellcasting   | 4 5 7 8 11 17 | 17.3
Air Magic      | 4 5 8 10 13 15 17 19 21 | 21.8
Ice Magic      | 1 5 7 11 15 17 | 17.1
Fighting       | 9 10 11 14 15 17 19 20 22 | 22.3
Conjurations   | 7 11 14 17 19 21 22 24 26 27 | 27.0
Fire Magic     | 11 18 20 | 20.0
Armour         | 9 |  9.0
Evocations     | 11 | 11.1
Translocations | 4 |  4.5

Action                     |  1- 3 |  4- 6 |  7- 9 | 10-12 | 13-15 | 16-18 | 19-21 | 22-24 | 25-27 || total
---------------------------+-------+-------+-------+-------+-------+-------+-------+-------+-------++-------
  Melee: Whip              |       |       |     6 |       |       |       |       |       |       ||     6
         Dagger            |       |       |     1 |    10 |       |       |       |       |       ||    11
         Flail             |       |       |       |     1 |    18 |       |       |       |       ||    19
         Staff             |       |       |       |       |       |     1 |     2 |     2 |     1 ||     6
   Cast: Shock             |    87 |    67 |   174 |    72 |     7 |       |       |       |       ||   407
         Static Discharge  |       |    18 |    37 |    47 |    30 |     4 |       |       |       ||   136
         Airstrike         |       |       |    63 |    85 |    12 |       |       |       |       ||   160
         Ozocubu's Armour  |       |       |     2 |     9 |     4 |       |     1 |       |       ||    16
         Ozocubu's Refrige |       |       |       |   116 |   481 |   443 |   185 |    64 |       ||  1289
         Orb of Destructio |       |       |       |       |    41 |   141 |   165 |   139 |    37 ||   523
         Chain Lightning   |       |       |       |       |       |     3 |   200 |   346 |   369 ||   918
         Maxwell's Capacit |       |       |       |       |       |       |     3 |       |       ||     3
         Fire Storm        |       |       |       |       |       |       |       |    80 |   127 ||   207
         Ignition          |       |       |       |       |       |       |       |     4 |       ||     4
  Evoke: Wand              |       |       |       |     5 |       |     1 |     1 |       |     2 ||     9
         Phantom mirror    |       |       |       |       |       |       |       |       |     1 ||     1
    Use: Scroll            |     6 |     6 |     4 |     3 |    14 |     5 |     3 |    10 |     4 ||    55
         Potion            |       |       |     2 |     1 |     5 |     7 |     4 |     6 |    10 ||    35
 Armour: Robe              |    17 |    35 |   102 |    27 |   102 |   138 |   188 |   225 |   167 ||  1001
         Steam dragon scal |       |       |       |   101 |    88 |       |       |       |       ||   189
  Dodge: Dodged            |    25 |    20 |    78 |    39 |    79 |    48 |    49 |    92 |    64 ||   494
  Block: Other             |       |       |     3 |    21 |    25 |     2 |       |       |       ||    51
         Reflection        |       |       |     2 |     2 |     7 |       |       |       |       ||    11

Table legend: (Time is in decaauts)
 A = Elapsed time spent in this place.
 B = Non-inter-level travel time spent in this place.
 C = Inter-level travel time spent in this place.
 D = Time resting spent in this place.
 E = Time spent auto-exploring this place.
 F = Levels seen in this place.
 G = Mean time per level.
                   A        B        C        D        E       F      G
               +--------+--------+--------+--------+--------+-----+--------+
         Total |  86949 |  79275 |   7674 |  14411 |  52858 |  61 | 1425.4 |
       Dungeon |  23153 |  20285 |   2868 |   4289 |  13234 |  15 | 1543.5 |
        Temple |      1 |      1 |      0 |      0 |      0 |   1 |    1.0 |
          Lair |  11574 |  10397 |   1177 |   2760 |   6490 |   5 | 2314.8 |
         Swamp |   4974 |   4699 |    275 |    247 |   3855 |   4 | 1243.5 |
     Snake Pit |   8461 |   7797 |    664 |    366 |   6833 |   4 | 2115.2 |
    Slime Pits |   1958 |   1908 |     50 |    994 |    493 |   5 |  391.6 |
  Orcish Mines |   3022 |   2827 |    195 |    655 |   1831 |   2 | 1511.0 |
   Elven Halls |   4890 |   4451 |    439 |    609 |   3181 |   3 | 1630.0 |
        Vaults |  10741 |   9746 |    995 |   1259 |   6762 |   5 | 2148.2 |
         Crypt |   4002 |   3813 |    189 |    517 |   2592 |   3 | 1334.0 |
        Depths |   4793 |   4504 |    289 |    863 |   2782 |   4 | 1198.2 |
          Hell |    561 |    538 |     23 |     17 |    395 |   1 |  561.0 |
           Zot |   6210 |   5704 |    506 |    909 |   3637 |   5 | 1242.0 |
        Bazaar |    223 |    223 |      0 |      0 |    114 |   1 |  223.0 |
      Ice Cave |    567 |    567 |      0 |    125 |    310 |   1 |  567.0 |
       Volcano |   1123 |   1123 |      0 |    661 |    264 |   1 | 1123.0 |
      Gauntlet |    686 |    686 |      0 |    140 |     83 |   1 |  686.0 |
               +--------+--------+--------+--------+--------+-----+--------+

Top non-repeatable levels by time:
    D:14: 3696 daAuts
  Lair:4: 3442 daAuts
Vaults:2: 2743 daAuts
 Snake:4: 2391 daAuts
Vaults:1: 2336 daAuts
 Crypt:3: 2266 daAuts
     D:7: 2262 daAuts
 Snake:2: 2223 daAuts
  Lair:5: 2212 daAuts
  Lair:1: 2209 daAuts
  Lair:2: 2191 daAuts
Vaults:3: 1985 daAuts
Vaults:4: 1976 daAuts
 Snake:3: 1975 daAuts
 Snake:1: 1871 daAuts
